 Dungeon Crawl Stone Soup version 0.20-a0-672-gd6c3c51 (webtiles) character file.

218 nikopol the Skirmisher (level 5, -3/34 HPs)
             Began as a Gargoyle Berserker on Feb 16, 2017.
             Was a Priest of Trog.
             Slain by Natasha (7 damage)
             ... on level 3 of the Dungeon on Feb 17, 2017.
             The game lasted 00:06:15 (2452 turns).

nikopol the Skirmisher (Gargoyle Berserker)         Turns: 2452, Time: 00:06:16

Health: -3/34      AC:  8    Str: 21    XL:     5   Next: 95%
Magic:  5/5        EV: 12    Int:  7    God:    Trog [***...]
Gold:   114        SH:  0    Dex: 10    Spells: 4/4 levels left

rFire    . . .     SeeInvis .   s - +0 war axe
rCold    + . .     Gourm    .   p - +0 leather armour
rNeg     + . .     Faith    .   (no shield)
rPois    ∞         Spirit   .   (no helmet)
rElec    +         Reflect  .   (no cloak)
rCorr    .         Harm     .   i - +0 pair of gloves
MR       .....                  (no boots)
Stlth    +.........             n - amulet of regeneration
Regen    0.6/turn               q - ring of protection from cold
MPRegen  0.1/turn               g - ring of flight

@: no status effects
A: negative energy resistance 1, electricity resistance, unbreathing,
petrification resistance, rot immunity, AC +4
a: Berserk, Trog's Hand, Burn Spellbooks, Renounce Religion, Evoke Flight


You were on level 3 of the Dungeon.
You worshipped Trog.
Trog was most pleased with you.
You were not hungry.

You visited 1 branch of the dungeon, and saw 3 of its levels.

You collected 114 gold pieces.

Inventory:

Hand Weapons
 a - a +0 hand axe
 s - a +0 war axe (weapon)
Armour
 b - a +0 animal skin
 i - a +0 pair of gloves (worn)
 p - a +0 leather armour (worn)
Jewellery
 g - a ring of flight (left hand)
 j - an uncursed ring of magical power
 n - an amulet of regeneration (around neck)
 q - a ring of protection from cold (right hand)
Scrolls
 f - a scroll of magic mapping {unknown}
 h - 2 scrolls of remove curse {unknown}
 k - 3 scrolls of identify {unknown}
 m - a scroll of random uselessness {unknown}
Potions
 d - a potion of haste {unknown}
 e - a potion of heal wounds {unknown}
 l - a potion of lignification {unknown}
 o - a potion of mutation {unknown}
 t - a potion of degeneration {unknown}
Comestibles
 c - 3 bread rations
 r - a royal jelly
 u - 5 chunks of flesh


   Skills:
 + Level 4.5 Fighting
 + Level 3.6 Axes
 + Level 3.7 Armour
 + Level 2.7 Dodging


You had 4 spell levels left.
You didn't know any spells.

Dungeon Overview and Level Annotations

Branches:
Dungeon (3/15)

Altars:
Elyvilon
Makhleb
Okawaru
Yredelemnul
The Shining One

Annotations:
D:3 Natasha


Innate Abilities, Weirdness & Mutations

You are resistant to torment.
Your stone body is resilient. (AC +4)
You are immune to poison.
You resist negative energy. (rN+)
You are resistant to electric shocks. (rElec)
You can survive without breathing.
You are immune to petrification.
You are immune to rotting.


Message History

You are too injured to fight recklessly!
You are too injured to fight recklessly!
You are too injured to fight recklessly!
You closely miss Natasha.
Natasha is lightly wounded.
You hit the white imp. The white imp hits you. The white imp freezes you.
You resist. Natasha casts a spell at you. You resist with some effort.
You slash Natasha!
Natasha is severely wounded.
You barely miss the white imp. The white imp closely misses you.
Natasha stares at you and mumbles some strange words.
The magic dart hits you!
* * * LOW HITPOINT WARNING * * *
The white imp gestures at you. The puff of frost hits you! You resist.
* * * LOW HITPOINT WARNING * * *
Natasha claws you!
You die...

##≈.≈.# #.# #.≈.≈## #.#
##≈.≈.# #########.#
#.≈.≈## #>......#.######
###_#######.#
#.._.........
###.....#.###.#.#.##.####
.$...$.#.##.......#.#
.......#.#..........#
......5@............#
......h#.......#.####
.......####...##.#
....... ##.###.# #......
### #+# #.#.##. # #. #. #
..


You could see Natasha and a white imp.

Vanquished Creatures
  A hound (D:2)
  2 gnolls (D:3)
  5 adders
  7 oozes
  3 worms (D:2)
  A dart slug (D:2)
  2 leopard geckos (D:1)
  2 orcs (D:3)
  6 giant cockroaches
  15 goblins
  10 hobgoblins
  A jackal (D:1)
  A quokka (D:3)
  6 bats
  2 frilled lizards
  8 kobolds
  10 rats (D:1)
82 creatures vanquished.

Vanquished Creatures (others)
  A quokka (D:2)
1 creature vanquished.

Grand Total: 83 creatures vanquished

Notes
Turn   | Place    | Note
-------+----------+-------------------------------------------
     0 | D:1      | nikopol the Gargoyle Berserker began the quest for the Orb.
     0 | D:1      | Reached XP level 1. HP: 14/14 MP: 1/1
     2 | D:1      | Found a runed door.
   131 | D:1      | Reached XP level 2. HP: 19/19 MP: 2/2
   143 | D:1      | Reached XP level 3. HP: 23/23 MP: 3/3
   603 | D:1      | Reached ** piety under Trog
   824 | D:1      | Reached XP level 4. HP: 26/29 MP: 4/4
  1245 | D:2      | Reached skill level 4 in Fighting
  1289 | D:2      | Found a white marble altar of Elyvilon.
  1323 | D:2      | Reached XP level 5. HP: 5/33 MP: 5/5
  1519 | D:2      | Upgraded the game from 0.20-a0-656-g9b0dcd9 to 0.20-a0-672-gd6c3c51
  1716 | D:2      | Found a burning altar of Makhleb.
  1861 | D:2      | Found a glowing golden altar of the Shining One.
  2364 | D:3      | Found an iron altar of Okawaru.
  2371 | D:3      | Reached *** piety under Trog
  2418 | D:3      | Found a basalt altar of Yredelemnul.
  2445 | D:3      | Noticed Natasha
  2452 | D:3      | Slain by Natasha

Vault maps used:
D:1:      dpeg_arrival_caged_fury
D:2:      kennysheep_the_goblin_king, elyvilon_altar_4,
          makhleb_heckhound_becter, tso_altar
D:3:      okawaru_altar_gauntlet_db, overflow_temple_1_default, first_bread,
          uniq_iyjb, uniq_purgy, uniq_natasha

Skill      XL: |  1  2  3  4 |
---------------+-------------+-----
Dodging        | 2 |  2.7
Axes           | 3 |  3.6
Armour         | 3 |  3.7
Fighting       | 4 |  4.5

Action                   |  1- 3 |  4- 6 || total
-------------------------+-------+-------++-------
Melee: Hand axe          |    98 |   146 ||   244
       War axe           |       |    36 ||    36
Invok: Berserk           |     1 |       ||     1
  Eat: Chunk             |       |     6 ||     6
Armor: Animal skin       |    43 |    34 ||    77
       Leather armour    |       |    35 ||    35
Dodge: Dodged            |    66 |   152 ||   218
